ITL
ALLENTOWN HILLBILLIES @ TRENTON STARS
05/01/2027
 
TOP OF THE 1ST
Allentown Hillbillies batting - Pitching for Trenton Stars : LHP Pedro Orozco
Pitching: LHP Pedro Orozco
Batting: LHB Miguel Colón 0-0: Ball
1-0: Swinging Strike
1-1: DOUBLE (Flyball, 7D)
Batting: RHB José Mora 0-0: Ball
1-0: Foul Ball, location: 2F
1-1: Ball
2-1: Ball
3-1: Base on Balls
Batting: RHB Tim Gardner Pickoff Throw to Second - Error! E1
Miguel Colón to third
José Mora to second
0-0: Ball
1-0: Ball
2-0: Ball
3-0: Called Strike
3-1: Base on Balls
Batting: LHB Rafael Flores 0-0: Fly out, F9 (Flyball, 9S)
Batting: RHB Millard Stark 0-0: Called Strike
0-1: Foul Ball, location: 2F
0-2: Strikes out swinging
Batting: SHB Toshinobu Tanaka 0-0: Called Strike
0-1: Ball
1-1: GRAND SLAM HOME RUN (Flyball, 7LD), Distance : 370 ft
Batting: LHB Mason Mabbett 0-0: Called Strike
0-1: Ball
1-1: Ground out 4-3 (Groundball, 4)
Top of the 1st over - 4 run(s), 2 hit(s), 1 error(s), 0 left on base; Allentown 4 - Trenton 0
BOTTOM OF THE 1ST
Trenton Stars batting - Pitching for Allentown Hillbillies : RHP Okura Oike
Pitching: RHP Okura Oike
Batting: LHB Gerardo Guzmán 0-0: Ball
1-0: Called Strike
1-1: Swinging Strike
1-2: Ball
2-2: Ball
3-2: Base on Balls
Batting: RHB Ken McDonald 0-0: Ball
1-0: Foul Ball, location: 2F
1-1: Ground out U3 (Groundball, 23)
Gerardo Guzmán to second
Batting: LHB Jeff Gordon 0-0: Ball
1-0: Ball
2-0: Ground out 6-3 (Groundball, 6MS)
Gerardo Guzmán to third
Batting: RHB Clancy Booker 0-0: Ball
1-0: SINGLE (Flyball, 89S)
Gerardo Guzmán scores
Batting: RHB Ángel Garza 0-0: Ball
1-0: Ball
Clancy Booker steals 2nd base
2-0: SINGLE (Groundball, 4MD)
Clancy Booker to third
Runner from 3rd tries for Home, SAFE, no throw
Batting: LHB Alonzo Medine 0-0: Ball
Ángel Garza is caught stealing 2nd base
Bottom of the 1st over - 2 run(s), 2 hit(s), 0 error(s), 0 left on base; Allentown 4 - Trenton 2
TOP OF THE 2ND
Allentown Hillbillies batting - Pitching for Trenton Stars : LHP Pedro Orozco
Batting: RHB Carl Brown 0-0: Ball
1-0: Called Strike
1-1: Ball
2-1: Swinging Strike
2-2: SINGLE (Line Drive, 6MD)
Batting: RHB Joel Jackson 0-0: Ball
1-0: Ball
2-0: Called Strike
2-1: Ball
3-1: Base on Balls
Carl Brown to second
Batting: LHB Miguel Colón 0-0: Ball
1-0: Called Strike
1-1: Ball
2-1: Swinging Strike
2-2: Ball
3-2: Foul Ball, location: 2F
3-2: Base on Balls
Carl Brown to third
Joel Jackson to second
Batting: RHB José Mora 0-0: Ball
1-0: Fly out, F7 (Flyball, 78M)
Runner from 3rd tags up, SCORES, throw made
Batting: RHB Tim Gardner 0-0: Foul Ball, location: 2F
0-1: 3-RUN HOME RUN (Flyball, 7LD), Distance : 356 ft
Pitching: RHP Jesús Martínez
Batting: LHB Rafael Flores 0-0: SINGLE (Groundball, 34D)
Batting: RHB Millard Stark 0-0: Grounds into double play, 4-6-3 (Groundball, 4)
Top of the 2nd over - 4 run(s), 3 hit(s), 0 error(s), 0 left on base; Allentown 8 - Trenton 2
BOTTOM OF THE 2ND
Trenton Stars batting - Pitching for Allentown Hillbillies : RHP Okura Oike
Batting: LHB Alonzo Medine 0-0: Ball
1-0: Ball
2-0: SOLO HOME RUN (Flyball, 9D), Distance : 362 ft
Batting: RHB Chris Cole 0-0: Ball
1-0: Fly out, F9 (Flyball, 9LMF)
Batting: RHB Roberto Chávez 0-0: Foul Ball, location: 2F
0-1: Swinging Strike
0-2: Strikes out looking
Batting: RHB Pablo Gómez 0-0: Ball
1-0: Ball
2-0: Foul Ball, location: 2F
2-1: Fly out, F9 (Flyball, 9LSF)
Bottom of the 2nd over - 1 run(s), 1 hit(s), 0 error(s), 0 left on base; Allentown 8 - Trenton 3
TOP OF THE 3RD
Allentown Hillbillies batting - Pitching for Trenton Stars : RHP Jesús Martínez
Batting: SHB Toshinobu Tanaka 0-0: Swinging Strike
0-1: Ball
1-1: Ball
2-1: Called Strike
2-2: Foul Ball, location: 2F
2-2: Foul Ball, location: 2F
2-2: Foul Ball, location: 2F
2-2: Strikes out looking
Batting: LHB Mason Mabbett 0-0: Foul Ball, location: 2F
0-1: Foul Ball, location: 2F
0-2: Strikes out looking
Batting: RHB Carl Brown 0-0: Ball
1-0: Ball
2-0: Called Strike
2-1: Foul Ball, location: 2F
2-2: SINGLE (Flyball, 8RS)
Batting: RHB Joel Jackson 0-0: Called Strike
0-1: Ball
1-1: Called Strike
1-2: Ball
2-2: SINGLE (Line Drive, 3)
Carl Brown to second
Batting: LHB Miguel Colón 0-0: Ball
1-0: Ball
2-0: Ball
3-0: Called Strike
3-1: Called Strike
3-2: SINGLE (Line Drive, 8LS)
Carl Brown to third
Joel Jackson to second
Carl Brown scores
Joel Jackson to third
Batting: RHB José Mora 0-0: Ball
1-0: Called Strike
1-1: DOUBLE (Flyball, 89XD)
Joel Jackson scores
Miguel Colón to third
Batting: RHB Tim Gardner 0-0: Ground out 1-3 (Groundball, 15S)
Top of the 3rd over - 2 run(s), 4 hit(s), 0 error(s), 2 left on base; Allentown 10 - Trenton 3
BOTTOM OF THE 3RD
Trenton Stars batting - Pitching for Allentown Hillbillies : RHP Okura Oike
Batting: LHB Gerardo Guzmán 0-0: Ball
1-0: Swinging Strike
1-1: Ground out 4-3 (Groundball, 34)
Batting: RHB Ken McDonald 0-0: Foul Ball, location: 2F
0-1: SINGLE (Groundball, 34D)
Batting: LHB Jeff Gordon 0-0: Foul Ball, location: 2F
0-1: Foul Ball, location: 2F
0-2: Ball
1-2: Grounds into double play, 6-4-3 (Groundball, 6)
Bottom of the 3rd over - 0 run(s), 1 hit(s), 0 error(s), 0 left on base; Allentown 10 - Trenton 3
TOP OF THE 4TH
Allentown Hillbillies batting - Pitching for Trenton Stars : RHP Jesús Martínez
Batting: LHB Rafael Flores 0-0: Ball
1-0: Ball
2-0: Ball
3-0: Foul Ball, location: 2F
3-1: Called Strike
3-2: Foul Ball, location: 2F
3-2: Strikes out looking
Batting: RHB Millard Stark 0-0: Called Strike
0-1: Foul Ball, location: 2F
0-2: Fly out, F9 (Flyball, 9S)
Batting: SHB Toshinobu Tanaka 0-0: SINGLE (Line Drive, 34D)
Batting: LHB Mason Mabbett 0-0: Swinging Strike
0-1: Foul Ball, location: 2F
0-2: Ball
1-2: Strikes out swinging
Top of the 4th over - 0 run(s), 1 hit(s), 0 error(s), 1 left on base; Allentown 10 - Trenton 3
BOTTOM OF THE 4TH
Trenton Stars batting - Pitching for Allentown Hillbillies : RHP Okura Oike
Batting: RHB Clancy Booker 0-0: Ball
1-0: Foul Ball, location: 2F
1-1: SINGLE (Groundball, 56D)
Batting: RHB Ángel Garza 0-0: Called Strike
0-1: Swinging Strike
0-2: Ball
1-2: Foul Ball, location: 2F
1-2: SINGLE (Line Drive, 89M)
Clancy Booker to second
Batting: LHB Alonzo Medine 0-0: Ball
1-0: Foul Ball, location: 2F
1-1: SINGLE (Groundball, 4MD)
Clancy Booker to third
Ángel Garza to second
Runner from 3rd tries for Home, SAFE, throw made at trailing runner, SAFE at third!
Batting: RHB Chris Cole 0-0: Ball
1-0: Foul Ball, location: 2F
1-1: Swinging Strike
1-2: Ball
2-2: Strikes out looking
Batting: RHB Roberto Chávez 0-0: Foul Ball, location: 2F
0-1: Foul Ball, location: 2F
0-2: Ball
1-2: Ball
2-2: Foul Ball, location: 2F
2-2: Fly out, F7 (Flyball, 7D)
Runner from 3rd tags up, SCORES, no throw
Batting: RHB Pablo Gómez 0-0: Called Strike
0-1: Called Strike
0-2: Ball
1-2: Ball
2-2: Ball
3-2: Strikes out swinging
Bottom of the 4th over - 2 run(s), 3 hit(s), 0 error(s), 1 left on base; Allentown 10 - Trenton 5
TOP OF THE 5TH
Allentown Hillbillies batting - Pitching for Trenton Stars : RHP Jesús Martínez
Batting: RHB Carl Brown 0-0: Swinging Strike
0-1: Foul Ball, location: 2F
0-2: Ball
1-2: Ball
2-2: Foul Ball, location: 2F
2-2: Foul Ball, location: 2F
2-2: Strikes out swinging
Pitching: RHP Tomás Pagán
Batting: RHB Joel Jackson 0-0: Called Strike
0-1: Fly out, F9 (Flyball, 9LMF)
Batting: LHB Miguel Colón 0-0: Called Strike
0-1: Swinging Strike
0-2: Ball
1-2: Strikes out looking
Top of the 5th over - 0 run(s), 0 hit(s), 0 error(s), 0 left on base; Allentown 10 - Trenton 5
BOTTOM OF THE 5TH
Trenton Stars batting - Pitching for Allentown Hillbillies : RHP Okura Oike
Pitching: RHP Pepe Fernández
Batting: LHB Gerardo Guzmán 0-0: Ball
1-0: Swinging Strike
1-1: Ball
2-1: Called Strike
2-2: Strikes out swinging
Batting: RHB Ken McDonald 0-0: Ball
1-0: Foul Ball, location: 2F
1-1: Ground out 6-3 (Groundball, 6)
Batting: LHB Jeff Gordon 0-0: Ball
1-0: Swinging Strike
1-1: Swinging Strike
1-2: Ball
2-2: Ball
3-2: Strikes out swinging
Bottom of the 5th over - 0 run(s), 0 hit(s), 0 error(s), 0 left on base; Allentown 10 - Trenton 5
TOP OF THE 6TH
Allentown Hillbillies batting - Pitching for Trenton Stars : RHP Tomás Pagán
Batting: RHB José Mora 0-0: Ball
1-0: Called Strike
1-1: Foul Ball, location: 2F
1-2: Foul Ball, location: 2F
1-2: SINGLE (Flyball, 89M)
Batting: RHB Tim Gardner 0-0: Ball
1-0: SINGLE (Line Drive, 5D)
José Mora to second
Batting: LHB Rafael Flores 0-0: DOUBLE (Line Drive, 7LM)
José Mora scores
Tim Gardner to third
Runner from 3rd tries for Home, throw and OUT!
Rafael Flores to third
Batting: RHB Millard Stark 0-0: SINGLE (Groundball, 34D)
Rafael Flores scores
Batting: SHB Toshinobu Tanaka 0-0: Called Strike
0-1: Ball
1-1: Ball
2-1: Called Strike
2-2: Ball
3-2: Fly out, F7 (Line Drive, 7S)
Batting: LHB Mason Mabbett 0-0: Ball
1-0: Ground out U3 (Groundball, 3)
Top of the 6th over - 2 run(s), 4 hit(s), 0 error(s), 1 left on base; Allentown 12 - Trenton 5
BOTTOM OF THE 6TH
Trenton Stars batting - Pitching for Allentown Hillbillies : RHP Pepe Fernández
Batting: RHB Clancy Booker 0-0: Ground out 4-3 (Groundball, 4MD)
Batting: RHB Ángel Garza 0-0: Ball
1-0: Ball
2-0: Ball
3-0: Called Strike
3-1: Called Strike
3-2: Base on Balls
Batting: LHB Alonzo Medine 0-0: Foul Ball, location: 2F
0-1: Ball
1-1: Fly out, F7 (Flyball, 7S)
Batting: RHB Chris Cole 0-0: Foul Ball, location: 2F
0-1: SINGLE (Groundball, 6MD)
Ángel Garza to second
Batting: RHB Roberto Chávez 0-0: Ball
1-0: Called Strike
1-1: SINGLE (Flyball, 89S)
Ángel Garza to third
Chris Cole to second
Runner from 3rd tries for Home, SAFE, no throw
Batting: RHB Pablo Gómez 0-0: Ball
1-0: Swinging Strike
1-1: Foul Ball, location: 2F
1-2: Ball
2-2: SINGLE (Groundball, 6MD)
Chris Cole to third
Roberto Chávez to second
Runner from 3rd tries for Home, SAFE, no throw
Pitching: LHP Alberto Maldonado
Batting: LHB Gerardo Guzmán 0-0: Called Strike
0-1: Ball
1-1: Ball
2-1: Foul Ball, location: 2F
2-2: Ball
3-2: Fly out, F9 (Flyball, 9S)
Bottom of the 6th over - 2 run(s), 3 hit(s), 0 error(s), 2 left on base; Allentown 12 - Trenton 7
TOP OF THE 7TH
Allentown Hillbillies batting - Pitching for Trenton Stars : RHP Tomás Pagán
Pitching: RHP Juan Vázquez
Batting: RHB Carl Brown 0-0: Swinging Strike
0-1: Foul Ball, location: 2F
0-2: Ground out 4-3 (Groundball, 4)
Batting: RHB Joel Jackson 0-0: Foul Ball, location: 2F
0-1: Ball
1-1: Ball
2-1: Ball
3-1: Base on Balls
Batting: LHB Miguel Colón 0-0: Foul Ball, location: 2F
0-1: Ball
1-1: Foul Ball, location: 2F
1-2: Foul Ball, location: 2F
1-2: Ball
2-2: Foul Ball, location: 2F
2-2: Foul Ball, location: 2F
2-2: SINGLE (Flyball, 6MD)
Joel Jackson to second
Batting: RHB José Mora 0-0: Called Strike
0-1: Ball
1-1: Ball
2-1: Ball
3-1: Grounds out, U3 (Groundball, 3L)
Joel Jackson to third
Batting: RHB Tim Gardner 0-0: Fly out, F6 (Popup, 6D)
Top of the 7th over - 0 run(s), 1 hit(s), 0 error(s), 2 left on base; Allentown 12 - Trenton 7
BOTTOM OF THE 7TH
Trenton Stars batting - Pitching for Allentown Hillbillies : LHP Alberto Maldonado
Batting: RHB Ken McDonald 0-0: Ball
1-0: Called Strike
1-1: Foul Ball, location: 2F
1-2: Ground out U3 (Groundball, 3)
Batting: LHB Jeff Gordon 0-0: Ball
1-0: Foul Ball, location: 2F
1-1: Ball
2-1: Fly out, F3 (Popup, 3S)
Batting: RHB Clancy Booker 0-0: Called Strike
0-1: Foul Ball, location: 2F
0-2: Ball
1-2: Strikes out looking
Bottom of the 7th over - 0 run(s), 0 hit(s), 0 error(s), 0 left on base; Allentown 12 - Trenton 7
TOP OF THE 8TH
Allentown Hillbillies batting - Pitching for Trenton Stars : RHP Juan Vázquez
Batting: LHB Rafael Flores 0-0: Called Strike
0-1: Called Strike
0-2: Foul Ball, location: 2F
0-2: Foul Ball, location: 2F
0-2: Ball
1-2: Fly out, F7 (Flyball, 78XD)
Batting: RHB Millard Stark 0-0: Called Strike
0-1: Ball
1-1: Called Strike
1-2: Strikes out swinging
Batting: SHB Toshinobu Tanaka 0-0: Ball
1-0: Foul Ball, location: 2F
1-1: Ball
2-1: Foul Ball, location: 2F
2-2: Strikes out looking
Top of the 8th over - 0 run(s), 0 hit(s), 0 error(s), 0 left on base; Allentown 12 - Trenton 7
BOTTOM OF THE 8TH
Trenton Stars batting - Pitching for Allentown Hillbillies : LHP Alberto Maldonado
Batting: RHB Ángel Garza 0-0: Fly out, F8 (Flyball, 78D)
Batting: LHB Alonzo Medine 0-0: Called Strike
0-1: Ball
1-1: Ground out 4-3 (Groundball, 4)
Batting: RHB Chris Cole 0-0: Ball
1-0: Called Strike
1-1: Ball
2-1: Foul Ball, location: 2F
2-2: Ball
3-2: Fly out, F8 (Line Drive, 8RS)
Bottom of the 8th over - 0 run(s), 0 hit(s), 0 error(s), 0 left on base; Allentown 12 - Trenton 7
TOP OF THE 9TH
Allentown Hillbillies batting - Pitching for Trenton Stars : RHP Juan Vázquez
Pitching: LHP Joseph Byrne
Batting: LHB Mason Mabbett 0-0: Swinging Strike
0-1: Ball
1-1: Ball
2-1: Ball
3-1: Called Strike
3-2: SINGLE (Groundball, 34D)
Batting: RHB Carl Brown 0-0: Called Strike
0-1: Fly out, F6 (Popup, 6M)
Batting: RHB Joel Jackson 0-0: Ball
1-0: Ball
2-0: SINGLE (Groundball, 56D)
Mason Mabbett to second
Batting: LHB Miguel Colón 0-0: Fielders Choice at 2nd, 5-4 (Groundball, 56)
Mason Mabbett to third
Batting: RHB José Mora 0-0: Ball
1-0: Foul Ball, location: 2F
1-1: Ball
2-1: Ball
3-1: Foul Ball, location: 2F
3-2: Foul Ball, location: 2F
3-2: Base on Balls
Miguel Colón to second
Batting: RHB Tim Gardner 0-0: Ball
1-0: Called Strike
1-1: Foul Ball, location: 2F
1-2: Foul Ball, location: 2F
1-2: Foul Ball, location: 2F
1-2: Ball
2-2: Foul Ball, location: 2F
2-2: Ball
3-2: GRAND SLAM HOME RUN (Flyball, 89XD) (Inside the Park)
Batting: LHB Rafael Flores 0-0: Called Strike
0-1: Foul Ball, location: 2F
0-2: Ball
1-2: Strikes out swinging
Top of the 9th over - 4 run(s), 3 hit(s), 0 error(s), 0 left on base; Allentown 16 - Trenton 7
BOTTOM OF THE 9TH
Trenton Stars batting - Pitching for Allentown Hillbillies : LHP Alberto Maldonado
Batting: RHB Roberto Chávez 0-0: Ball
1-0: Ground out 5-3 (Groundball, 56)
Batting: RHB Pablo Gómez 0-0: Foul Ball, location: 2F
0-1: Ball
1-1: Foul Ball, location: 2F
1-2: Ball
2-2: Strikes out swinging
Batting: LHB Gerardo Guzmán 0-0: Called Strike
0-1: Ball
1-1: Ball
2-1: SINGLE (Line Drive, 4D)
Batting: RHB Ken McDonald 0-0: Swinging Strike
0-1: Ball
1-1: Ball
2-1: SINGLE (Line Drive, 78M)
Gerardo Guzmán to second
Batting: LHB Jeff Gordon 0-0: Ball
1-0: Foul Ball, location: 2F
1-1: Ball
2-1: Ball
3-1: Foul Ball, location: 2F
3-2: Base on Balls
Gerardo Guzmán to third
Ken McDonald to second
Batting: RHB Clancy Booker 0-0: Called Strike
0-1: Ball
1-1: Ball
2-1: Ground out 5-3 (Groundball, 5S)
Bottom of the 9th over - 0 run(s), 2 hit(s), 0 error(s), 3 left on base; Allentown 16 - Trenton 7
Thursday, March 30th, 2017 - OOTP Baseball 17.12 Build 75